[Event "Hungarian Youth-ch U16 2022"]
[Site "Eger"]
[Date "2022.07.25"]
[Round "3.5"]
[White "Karacsonyi, Kata"]
[Black "Bodo, Boglarka"]
[Result "1/2-1/2"]
[ECO "C43"]
[WhiteElo "2147"]
[BlackElo "1722"]
[Annotator "TA"]
[PlyCount "71"]
[EventDate "2022.07.21"]
[EventType "tourn"]
[EventCountry "HUN"]
[SourceTitle "playchess.com"]
[Source "ChessBase"]
[SourceQuality "1"]
[TimeControl "40/5400+30:1800+30"]

1. e4 e5 2. Nf3 Nf6 3. d4 Nxe4 4. Bd3 d5 5. dxe5 Be7 6. O-O O-O 7. c4 {[%emt 0:08:37] [#] aiming for cxd5. C43: Petroff Defence: 3 d4.} c6 8. Qc2 (8. cxd5 $14 cxd5 9. Nc3) 8... f5 (8... Na6 $11) 9. exf6 {[%emt 0:00:22] White is better.} Nxf6 10. Bg5 {[%emt 0:06:41] [#]} h6 $146 ({Predecessor:} 10... Nbd7 11. cxd5 cxd5 12. Nd4 Ne5 13. Bxf6 Rxf6 14. Bxh7+ Kh8 15. Bd3 Bd6 16. Nd2 Rh6 {1-0 (67) Vehi Bach,V (2331)-Fabrega,E (2131) Barcelona 2019}) 11. Bh4 Be6 ({Black should play} 11... Na6 $14) 12. Ne5 (12. Re1 $16 Bf7 13. Bf5) 12... dxc4 13. Bxc4 Bxc4 14. Qxc4+ Qd5 $1 15. Nd2 Bd8 16. Ng6 Re8 17. Rae1 {[%emt 0:02:51] Black must now prevent Rxe8+.} Nbd7 18. Rxe8+ Nxe8 19. Ne7+ Bxe7 20. Bxe7 Nef6 21. Bb4 Re8 22. Qb3 Re2 {[%emt 0:03:08] Strongly threatening ...Qxb3.} 23. Bc3 Nc5 24. Qd1 (24. Qa3 {is interesting.} Nh5 25. Qb4 Kh7 26. Qg4) 24... Re6 25. Nf3 (25. b3 $11) 25... Nce4 (25... Qxa2 $17 26. Nd4 Rd6) 26. Qxd5 Nxd5 {[%emt 0:01:08][%cal Bf6d5,Bd5f4,Bf4e2][%mdl 32] Pair of Knights!} 27. Nd4 {[%emt 0:01:25] [#]} (27. Be5 $11) 27... Re8 (27... Rd6 $1 $17 28. Ba5 c5) 28. Be1 ({But not} 28. Re1 Ndxc3 29. bxc3 Kf8 $17) 28... Nf4 29. f3 Nc5 30. Bg3 Ne2+ 31. Nxe2 {[%emt 0:00:01] The position is equal.} Rxe2 32. Rf2 Re1+ 33. Rf1 Re2 34. Rf2 Re1+ 35. Rf1 Re2 36. Rf2 {[%emt 0:01:33] Weighted Error Value: White=0.25 (precise) /Black=0.24 (precise)} 1/2-1/2

[Event "Hungarian Youth-ch U16 2022"]
[Site "Eger"]
[Date "2022.07.25"]
[Round "3.6"]
[White "Buri, Petra Zsuzsanna"]
[Black "Kovacs, Veronika"]
[Result "1/2-1/2"]
[ECO "B11"]
[WhiteElo "1784"]
[BlackElo "1633"]
[Annotator "NA RC COMBH"]
[PlyCount "66"]
[EventDate "2022.07.21"]
[EventType "tourn"]
[EventCountry "HUN"]
[SourceTitle "playchess.com"]
[Source "ChessBase"]
[SourceQuality "1"]
[TimeControl "40/5400+30:1800+30"]

1. e4 c6 2. Nf3 d5 3. Nc3 Bg4 4. h3 Bxf3 5. Qxf3 Nf6 6. e5 Nfd7 7. d4 e6 8. Bd3 c5 9. dxc5 Nxe5 10. Bb5+ Nbc6 11. Qe2 Ng6 12. b4 Be7 13. Bb2 O-O 14. Bxc6 bxc6 15. O-O Rb8 16. a3 Bxc5 17. Na4 Be7 18. Bd4 Bf6 19. Rfd1 e5 20. Bc5 Re8 21. Nc3 Qc7 22. Qa6 e4 23. Bd4 Bxd4 24. Rxd4 e3 25. Ne2 Qe5 26. Rf1 exf2+ 27. Rxf2 c5 28. Rd1 cxb4 29. Qxa7 Re7 30. Qa5 bxa3 31. Qxa3 Rb2 32. Nc3 Reb7 33. Qa5 h6 1/2-1/2

[Event "Hungarian Youth-ch U16 2022"]
[Site "Eger"]
[Date "2022.07.25"]
[Round "3.7"]
[White "Sipos, Stefania"]
[Black "Harkai, Emma"]
[Result "1/2-1/2"]
[ECO "C44"]
[WhiteElo "1802"]
[BlackElo "1761"]
[Annotator "NA RC COMBH"]
[PlyCount "84"]
[EventDate "2022.07.21"]
[EventType "tourn"]
[EventCountry "HUN"]
[SourceTitle "playchess.com"]
[Source "ChessBase"]
[SourceQuality "1"]
[TimeControl "40/5400+30:1800+30"]

1. e4 e5 2. Nf3 Nc6 3. d4 exd4 4. Nxd4 Nxd4 5. Qxd4 d6 6. Nc3 Nf6 7. Bg5 Be7 8. O-O-O O-O 9. e5 Ng4 10. Bxe7 Qxe7 11. exd6 cxd6 12. h3 Nf6 13. Qxd6 Qxd6 14. Rxd6 Be6 15. Bb5 a6 16. Be2 Rab8 17. Rhd1 Rfc8 18. Bf3 Kf8 19. Rb6 Rc7 20. Rdd6 Ke7 21. Rd3 Nd7 22. Rb4 b5 23. Re3 Kf8 24. Rf4 g5 25. Rd4 Nb6 26. Red3 Ke7 27. h4 h6 28. g3 Nd7 29. a3 Rbc8 30. Rd6 Ne5 31. Rxa6 Nxd3+ 32. cxd3 g4 33. Be4 f5 34. Bg2 Rb8 35. Ra5 b4 36. axb4 Rxb4 37. Kc2 Rc8 38. Ra7+ Kf6 39. Ra6 Kf7 40. Ra7+ Kf6 41. Ra6 Kf7 42. Ra7+ Kf6 1/2-1/2

[Event "Hungarian Youth-ch U16 2022"]
[Site "Eger"]
[Date "2022.07.26"]
[Round "4.1"]
[White "Onodi, Tamas"]
[Black "Kocsmar, Akos"]
[Result "1/2-1/2"]
[ECO "B22"]
[WhiteElo "2030"]
[BlackElo "2061"]
[Annotator "TA"]
[PlyCount "97"]
[EventDate "2022.07.21"]
[EventType "tourn"]
[EventCountry "HUN"]
[SourceTitle "playchess.com"]
[Source "ChessBase"]
[SourceQuality "1"]
[TimeControl "40/5400+30:1800+30"]

1. e4 c5 2. c3 d5 3. exd5 Qxd5 4. Nf3 Nc6 5. d4 Bf5 6. Be2 {[%emt 0:04:39] B22: Sicilian: 2 c3.} Bxb1 (6... cxd4 $11 7. cxd4 Bxb1 8. Rxb1 e6) 7. Rxb1 $16 cxd4 8. Nxd4 {[%emt 0:23:03] [#] White is better.} O-O-O $146 (8... Qxg2 $142 9. Bf3 Qg6) ({Predecessor:} 8... Qxg2 9. Bf3 Qg6 10. Qa4 Rc8 11. Ke2 e5 12. Nxc6 bxc6 13. Be3 f5 14. Qa6 Rc7 {½-½ (58) Acs,P (2586)-Mista,A (2543) Germany 2013}) 9. Bf3 ({White should try} 9. O-O) 9... Qxa2 $2 (9... Qc4 $16) 10. Qc2 $18 Nf6 11. O-O Ne5 12. Be3 ({Don't take} 12. Bf4 $6 Nxf3+ 13. Nxf3 Qc4) 12... Nxf3+ 13. Nxf3 a6 $2 (13... Qc4 {is more resistant.} 14. Bxa7 e6) 14. Rbd1 $2 (14. c4 $18) 14... Rxd1 15. Rxd1 e6 16. Ne5 Be7 17. Nxf7 $40 {[%emt 0:01:02][%mdl 128] White has strong attack.} Rf8 18. Ne5 {[%emt 0:01:39][%cal Bf7e5,Be5c4,Bc4b6,Bb6d7,Bd7c5][%mdl 32] White is much more active.} Nd5 (18... Rd8 $16) 19. Bd4 g6 20. g3 {[%emt 0:00:58] c4 is the strong threat.} Bf6 $2 (20... Rd8 $16 21. Re1 Bf6) 21. Qe2 Nc7 (21... Qa4 $142 22. Nxg6 hxg6) 22. Nc4 Bxd4 23. Rxd4 {[%emt 0:00:02] [#] aiming for Nb6+.} (23. cxd4 Qb3 $11) 23... b5 $2 (23... Kb8 24. Kg2 Qb3) 24. Nb6+ Kb7 25. Nd7 Rf5 26. Qe4+ (26. Ne5 $142) 26... Rd5 27. c4 bxc4 28. Rxc4 Qa5 (28... Qxc4 29. Qxc4 Rxd7 30. Qb4+ Kc8) 29. Nc5+ (29. Nf6 $142) 29... Kb8 {[%emt 0:02:15] [#]} (29... Ka7 {is a better defense.} 30. Nd3 (30. Nxe6 Nxe6 31. Qxe6 Rd1+ 32. Kg2 Qb6 $18) 30... Qb6) 30. Qf4 $1 {[%emt 0:02:41] Hoping for Rb4+.} Ka7 31. b4 Rd1+ 32. Kg2 Qb6 33. Qf3 Rd6 34. Rf4 ({White should play} 34. Qc3 $18) 34... Qc6 $16 35. Rf7 Kb6 36. Rxh7 Rd1 $2 (36... Qxf3+ $16 {was worth a try.} 37. Kxf3 Nd5) 37. Qxc6+ $18 Kxc6 {[%emt 0:00:01][%mdl 4096] Endgame KRN-KRN} 38. Rh4 $2 (38. h4 $18 {has better winning chances.}) 38... Kb5 $16 39. Ne4 (39. Nb7 $16) 39... Kxb4 $11 40. Kf3 Rd4 41. Rh8 a5 {[%emt 0:03:55] And now ...a4 would win.} 42. Ke3 Rd5 43. Rc8 Nb5 44. Nd2 a4 45. Rc4+ $1 Ka3 46. g4 (46. f4 $11) 46... Nd6 47. Nb1+ $1 Kb3 48. Rxa4 Nb5 {[%mdl 8192] Inhibits Rd4.} (48... Nc4+ $11 {and Black stays safe.} 49. Rxc4 Kxc4 50. Nd2+ Kc5) 49. Nd2+ $4 {[%mdl 40960] White really could win this.  Weighted Error Value: White=0.54/Black=0.60. An unexpected result.} (49. Ra6 $18 {avoids the disaster.}) 1/2-1/2

[Event "Hungarian Youth-ch U16 2022"]
[Site "Eger"]
[Date "2022.07.26"]
[Round "4.2"]
[White "Pasztor, Balazs"]
[Black "Borzsei, Andras"]
[Result "1-0"]
[ECO "B44"]
[WhiteElo "2336"]
[BlackElo "2002"]
[Annotator "TA"]
[PlyCount "105"]
[EventDate "2022.07.21"]
[EventType "tourn"]
[EventCountry "HUN"]
[SourceTitle "playchess.com"]
[Source "ChessBase"]
[SourceQuality "1"]
[TimeControl "40/5400+30:1800+30"]

1. e4 c5 2. Nf3 e6 3. d4 cxd4 4. Nxd4 Nc6 5. Bf4 d6 6. Nxc6 {[%emt 0:00:07] B44: Sicilian: Taimanov: 5 Nb5.} bxc6 7. c4 Rb8 8. Qc2 {[%emt 0:00:09] The position is equal.} e5 9. Be3 Nf6 10. Nc3 Qc7 (10... Ng4 $5 ) 11. Be2 Be7 12. O-O O-O 13. Rac1 Be6 14. b3 h6 15. h3 a5 16. Rfd1 Rfd8 {[%emt 0:00:24] [#]} 17. Bd2 $146 ({Predecessor:} 17. Bf3 Nh7 18. Qe2 Bg5 19. Rd3 Qe7 20. Rcd1 Rd7 21. Bd2 Bxd2 22. Qxd2 Ng5 23. Be2 {½-½ (62) Rapport,R (2763)-Caruana,F (2806) Saint Louis 2021}) 17... Nd7 {[%emt 0:22:59] [#]} 18. Nd5 $1 cxd5 19. cxd5 (19. exd5 Bxh3 20. gxh3 Bg5 $11) 19... Qxc2 20. Rxc2 Bxd5 21. exd5 Ra8 22. g3 Bg5 23. f4 Bf6 24. Be3 Kf8 25. Bb5 Rab8 26. Bc6 {[%emt 0:05:38] 0x0.00198892eb55dp-1022s more active pieces.} exf4 27. gxf4 Rb4 (27... Rdc8 $142) 28. Re1 Re4 29. Bd2 {[%emt 0:05:12][%csl LRa5,LRe4] A strong pair of Bishops.} Bd4+ 30. Kg2 Rxe1 31. Bxe1 Bb6 32. Bxd7 Rxd7 $16 {[%emt 0:00:01][%mdl 4096] Endgame KRB-KRB} 33. Rc6 Rb7 34. Rxd6 Bc5 {[%emt 0:00:47] [#]} (34... Bc7 $16 {is a better defense.} 35. Ra6 (35. Rd7 $2 Ke8 $19) 35... Bxf4) 35. Ra6 $1 $18 Bb4 36. Bxb4+ axb4 {[%emt 0:00:27] KR-KR} 37. Kf3 Rc7 38. Ke4 {[%emt 0:01:10] Strongly threatening d6.} Rc1 $2 (38... Ke8 39. Ra4 Rb7) 39. d6 {[%emt 0:01:58] Intending Ra8+ and mate.} Ke8 40. Kd5 ({Weaker is} 40. Ra7 Re1+ 41. Kd5 g5 42. fxg5 hxg5 $18) 40... g5 $2 (40... g6 41. Ra8+ Kd7 42. Ra7+ Ke8 43. Re7+ Kd8 44. Rxf7 Rd1+ 45. Kc5 Rd2) 41. Ra8+ Kd7 42. Ra7+ Ke8 43. f5 {[%emt 0:04:15] Hoping for Re7+.} Rd1+ 44. Ke5 h5 45. Re7+ Kd8 46. Rxf7 Re1+ 47. Kf6 g4 48. hxg4 {[%emt 0:00:36] White mates.} hxg4 49. Rg7 Rg1 50. Ke6 Re1+ 51. Kf7 Re4 52. f6 Kd7 53. Kg8+ {[%emt 0:00:29] Weighted Error Value: White=0.03 (flawless) /Black=0.36} 1-0

[Event "Hungarian Youth-ch U16 2022"]
[Site "Eger"]
[Date "2022.07.26"]
[Round "4.3"]
[White "Szikszai, Bertalan"]
[Black "Tran, David"]
[Result "0-1"]
[ECO "C00"]
[WhiteElo "2153"]
[BlackElo "2090"]
[Annotator "TA"]
[PlyCount "108"]
[EventDate "2022.07.21"]
[EventType "tourn"]
[EventCountry "HUN"]
[SourceTitle "playchess.com"]
[Source "ChessBase"]
[SourceQuality "1"]
[TimeControl "40/5400+30:1800+30"]

1. e4 e6 2. Qe2 c5 3. Nf3 Nc6 4. g3 d6 5. Bg2 g6 6. O-O Bg7 7. d3 Nge7 8. c3 O-O 9. Nbd2 Rb8 {[%emt 0:01:50] C00: French: Unusual White 2nd moves.} 10. Rd1 b5 11. d4 cxd4 {[%emt 0:02:24] The position is equal.} 12. cxd4 Nxd4 13. Nxd4 Bxd4 {[%emt 0:00:01] [#]} 14. Nb3 $146 ({Predecessor:} 14. Nf3 Bg7 15. Bf4 Rb6 16. Rac1 Ba6 17. Qd2 Nc8 18. Rc2 b4 19. e5 d5 20. Nd4 {½-½ (72) Klein,D (2509)-Peng,Z (2381) Haarlem 2015}) 14... Bg7 15. Be3 (15. Bg5 $14 {is superior.}) 15... Rb7 16. Rd2 {[%emt 0:03:49][%mdl 1024] White has compensation.} a6 17. Nc5 Rc7 18. Rad1 (18. a4 $5 ) 18... Rc6 19. Nb3 Qc7 $1 20. Nd4 Rc4 21. b3 Rc3 22. Nf3 Rd8 (22... Bb7 $15 23. Bg5 Nc8) 23. Bf4 $1 $11 Rc6 24. Nd4 Rc5 {[%emt 0:09:23] aiming for ...e5.} 25. Nxe6 fxe6 $17 (25... Bxe6 26. Rxd6 Rxd6 27. Bxd6 $15) 26. Bxd6 {[%emt 0:02:13] [#]} Rxd6 27. Rxd6 {[%emt 0:00:02] [#]} Nd5 $1 28. e5 Nc3 (28... Rc2 $17 29. Rd8+ Bf8) 29. Rd8+ $11 Bf8 (29... Kf7 $1 $11 30. Qe3 (30. Qf3+ $2 Ke7 $17) 30... Qxe5 31. Qxe5 Bxe5) 30. Qf3 $14 Qe7 31. R1d2 {[%emt 0:00:36][%mdl 8192] Now White is beyond hope.} (31. R1d6 $14 {is the one way to stay ahead.}) 31... Nd5 $19 32. Rd6 (32. Rxc8 $142 Rxc8 33. Bh3) 32... Qc7 33. R6xd5 exd5 34. Rxd5 Rc1+ 35. Rd1 Qc2 ({Don't blunder} 35... Rxd1+ $2 36. Qxd1 Qxe5 37. Bf3 $19) 36. Qd5+ Kg7 37. Bf3 Bc5 38. Rxc1 Qxc1+ 39. Qd1 Qxd1+ 40. Bxd1 Bh3 ({But not} 40... Bd4 $2 41. Kg2 $19) 41. a4 $2 (41. Be2) 41... bxa4 42. bxa4 a5 43. Bb3 Bd4 44. e6 Kf6 45. e7 Kxe7 {[%emt 0:00:05] ...h6 is the strong threat.} 46. Bg8 h6 47. Bc4 Kd6 48. Bf7 g5 49. Bb3 Kc5 50. Bd1 Kb4 51. g4 Kc3 {[%emt 0:00:06] ( -> ...Kd2)} 52. Be2 Kd2 53. Bf3 Ke1 54. Kh1 Kxf2 {[%emt 0:00:29] Weighted Error Value: White=0.98/Black=0.18 (very precise)} 0-1

[Event "Hungarian Youth-ch U16 2022"]
[Site "Eger"]
[Date "2022.07.26"]
[Round "4.4"]
[White "Fule, Simon"]
[Black "Muranyi, Peter"]
[Result "1-0"]
[ECO "B03"]
[WhiteElo "2271"]
[BlackElo "2018"]
[Annotator "TA"]
[PlyCount "149"]
[EventDate "2022.07.21"]
[EventType "tourn"]
[EventCountry "HUN"]
[SourceTitle "playchess.com"]
[Source "ChessBase"]
[SourceQuality "1"]
[TimeControl "40/5400+30:1800+30"]

1. e4 Nf6 2. e5 Nd5 3. d4 Nb6 4. f4 d6 5. Nf3 dxe5 6. fxe5 {[%emt 0:04:29] B03: Alekhine's Defence: Four Pawns Attack.} Bg4 7. Be3 e6 {[%emt 0:06:41] [#]} 8. Be2 $146 {[%emt 0:01:12] White is slightly better.} ({Predecessor:} 8. Nbd2 Be7 9. c4 c5 10. Ne4 cxd4 11. Qxd4 Qxd4 12. Nxd4 O-O 13. Nb5 N8d7 14. Bd4 {½-½ (36) Nurmukhanov,T (2262)-Shevchenko,I (2083) Astrakhan 2013}) 8... Be7 9. O-O O-O 10. Nbd2 Nd5 11. Bf2 Nc6 (11... c5 $11) 12. c3 Nf4 13. Bb5 Nb8 14. Bg3 (14. Re1 $14) 14... Nd5 $11 15. Qe2 {[%emt 0:02:27] Against Ne3} c5 16. Bf2 a6 17. Ba4 cxd4 18. Bxd4 b5 19. Bc2 Nc6 20. Nb3 Nxd4 21. Nbxd4 Bc5 22. Rad1 Qe7 23. Kh1 {[%emt 0:00:27][%cal Oc2h7] Bxh7+! is the strong threat.} Bh5 24. Be4 Bxd4 25. Rxd4 Rad8 26. Rfd1 Nf4 27. Bxh7+ Kxh7 28. Rxf4 Rxd1+ 29. Qxd1 Rd8 30. Rd4 ({White should play} 30. Qb1+ $14 Kg8 31. Rh4) 30... Rxd4 31. Qxd4 {[%emt 0:00:07] Hoping for Qd6.} Bxf3 32. Qd3+ Kg8 33. Qxf3 {[%emt 0:00:28][%mdl 4096] Endgame KQ-KQ} Qg5 34. Qa8+ Kh7 35. Qe4+ g6 {[%emt 0:01:21] ( -> ...Qc1+)} 36. Qe1 {[%emt 0:00:51] Against Qc1} f6 (36... Qf5 $11 {keeps the balance.}) 37. exf6 Qxf6 38. h3 e5 39. Qe3 Qe6 40. b3 e4 41. Kg1 a5 42. Qa7+ (42. h4 $1 $14) 42... Kh6 43. Qe3+ Kh7 $1 44. Kf1 a4 45. bxa4 Qxa2 46. axb5 Qb1+ 47. Kf2 {[%emt 0:00:36] aiming for b6.} Qxb5 48. g4 ({Don't play} 48. Qxe4 Qb2+ 49. Qe2 Qxc3 $16) (48. Qa7+ $14 {feels stronger.} Kh6 49. Qe3+ Kh7 50. Qa7+ (50. Qxe4 Qb2+ 51. Qe2 Qxc3 $16) 50... Kg8 51. Qa8+ Kg7 52. Qxe4) 48... Qe5 49. c4 Qb2+ 50. Kg3 Qe5+ 51. Kg2 Qb2+ 52. Qf2 Qc3 (52... Qe5 $11 {and Black is okay.}) 53. Qf7+ Kh6 54. Qf4+ g5 $2 (54... Kh7 55. Qxe4 Qd2+ 56. Kg3 Qc3+ 57. Kf4 Qf6+ 58. Ke3 Qc3+ 59. Qd3 Qe5+ 60. Kf3 Qf6+ 61. Ke2 Qe5+ 62. Qe3 Qb2+ 63. Kf3 Qb7+ 64. Qe4 Qf7+ 65. Ke3 Qf1 66. Qb7+ Kh6) 55. Qf8+ $18 ({Less strong is} 55. Qxe4 Qb2+ 56. Kg1 Qc1+ 57. Kg2 Qb2+ 58. Kg1 Qc1+ 59. Kh2 Qb2+ 60. Kg3 Qb3+ 61. Kh2 Qb2+ 62. Kg3 Qc3+ 63. Kf2 Qb2+ 64. Kg3 $18) 55... Kg6 56. Qe8+ Kg7 57. Qe7+ Kh6 58. Qxe4 $2 (58. Qe6+ $18 Kg7 59. Qd7+ Kh8 60. Qe8+ Kg7 61. Qxe4) 58... Qd2+ $11 59. Kg1 {[%emt 0:00:54] Black must now prevent Qe6+.} Qd1+ $2 {[%emt 0:00:31][%mdl 8192] [#] Black is now going downhill.} (59... Qc1+ $11 60. Kf2 Qb2+ 61. Kg1 Qc1+ 62. Kg2 Qd2+ 63. Kg3 Qc3+ 64. Kg2 Qd2+) 60. Kf2 $1 $18 {[%emt 0:00:06] White is clearly winning.} Qd2+ {[%emt 0:00:17] [#]} 61. Qe2 $1 Qf4+ 62. Kg2 Qc1 63. Qd3 Qb2+ 64. Kf3 Qe5 65. Qe3 Qc7 66. c5 (66. Qe6+ $142 Kg7 67. Ke4 Qf4+ 68. Kd5 Qf3+ 69. Kd6 Qxh3 70. Qe5+ Kf7 71. Qf5+ Kg8 72. Qxg5+ Kf8 73. Qf5+ Kg7 74. Kd7) 66... Qc6+ 67. Kf2 Qd5 68. h4 Qf7+ 69. Kg3 Qc7+ 70. Kh3 Qc6 71. Qxg5+ Kh7 72. Qe3 {[%emt 0:01:13] Prevents Qf3+.} Qd5 73. Kg3 Qh1 74. h5 Qd5 75. g5 {[%emt 0:00:52] Weighted Error Value: White=0.18 (very precise) /Black=0.24 (precise)} 1-0

[Event "Hungarian Youth-ch U16 2022"]
[Site "Eger"]
[Date "2022.07.26"]
[Round "4.5"]
[White "Buri, Petra Zsuzsanna"]
[Black "Bodo, Boglarka"]
[Result "1/2-1/2"]
[ECO "C10"]
[WhiteElo "1784"]
[BlackElo "1722"]
[Annotator "NA RC COMBH"]
[PlyCount "64"]
[EventDate "2022.07.21"]
[EventType "tourn"]
[EventCountry "HUN"]
[SourceTitle "playchess.com"]
[Source "ChessBase"]
[SourceQuality "1"]
[TimeControl "40/5400+30:1800+30"]

1. e4 e6 2. d4 d5 3. Nc3 dxe4 4. Nxe4 Nf6 5. Bg5 Nbd7 6. Bd3 Be7 7. Nxf6+ Nxf6 8. Bxf6 Bxf6 9. Nf3 O-O 10. O-O b6 11. c3 Bb7 12. Re1 Bxf3 13. Qxf3 Qd7 14. Rad1 Rad8 15. Bc2 Qd5 16. Qxd5 exd5 17. Re3 Rfe8 18. Rde1 Rxe3 19. Rxe3 h6 20. Kf1 Kf8 21. Ke2 Re8 22. Kd3 Bg5 23. Rxe8+ Kxe8 24. c4 dxc4+ 25. Kxc4 c6 26. a4 a5 27. Be4 Kd7 28. d5 cxd5+ 29. Bxd5 f6 30. Kb5 Kc7 31. b4 Bd2 32. bxa5 Bxa5 1/2-1/2

[Event "Hungarian Youth-ch U16 2022"]
[Site "Eger"]
[Date "2022.07.26"]
[Round "4.6"]
[White "Sipos, Stefania"]
[Black "Karacsonyi, Kata"]
[Result "0-1"]
[ECO "B52"]
[WhiteElo "1802"]
[BlackElo "2147"]
[Annotator "TA"]
[PlyCount "72"]
[EventDate "2022.07.21"]
[EventType "tourn"]
[EventCountry "HUN"]
[SourceTitle "playchess.com"]
[Source "ChessBase"]
[SourceQuality "1"]
[TimeControl "40/5400+30:1800+30"]

1. e4 c5 2. Nf3 d6 3. Bb5+ Bd7 4. Bxd7+ Qxd7 5. O-O Nc6 6. c3 g6 7. d4 cxd4 8. cxd4 Bg7 9. Nc3 Nf6 10. Re1 O-O 11. d5 {[%emt 0:07:44] B52: Sicilian: Moscow Variation with 3...Bd7.} Na5 12. Bg5 {[%emt 0:12:22] [#]} h6 $146 ({Predecessor:} 12... Rfd8 13. e5 dxe5 14. Nxe5 Qf5 15. Bxf6 exf6 16. Nf3 Qd7 17. Qe2 Rac8 18. Rad1 Nc4 {½-½ (71) Mezcua Coronil,F (2230)-Marti Peiro,J Aragon 2003}) 13. Bh4 {[%emt 0:07:45] White has an edge.} Ng4 (13... Rac8 $11) 14. Rc1 $16 Rac8 15. Qa4 $2 (15. Nd4 $16 {keeps the pressure on.}) 15... Qxa4 $17 16. Nxa4 g5 17. Bg3 Nc4 18. b3 Nce5 ({Better is} 18... Na3 $1 $17 {And now ...Nc2 would win.} 19. Rxc8 Rxc8) 19. Nxe5 $1 $11 Nxe5 20. Nb2 {[%emt 0:02:08] [#] Against Nd3} Nf3+ $1 21. gxf3 {[%emt 0:02:02] aiming for Nc4.} Bxb2 22. Rc4 (22. Rxc8 $11 Rxc8 23. f4) 22... b5 23. Rc6 {[%emt 0:03:37] Now White is beyond hope.} (23. Rxc8 $1 $11 {and White has nothing to worry.} Rxc8 24. Re2) 23... Rxc6 $1 $19 24. dxc6 {[%emt 0:00:06][%mdl 4096] Endgame [#] KRB-KRB} e5 $1 25. Re2 {[%emt 0:05:00] [#]} (25. c7 $142) 25... Ba3 $1 26. h4 f6 27. Rc2 Rc8 28. hxg5 hxg5 29. Kg2 Bc5 30. Kh3 Kf7 (30... Rxc6 31. b4 $11) 31. Kg4 Kg6 ({And not} 31... Rxc6 32. b4 $17) 32. b4 Bxb4 33. Rb2 ({Much worse is} 33. c7 Bc5 34. Kh3 Rxc7 $19) 33... Bc5 34. Rxb5 Bb6 ({Not} 34... Rxc6 $2 35. Rb2 $19) 35. a4 Rxc6 36. a5 Rc5 {[%emt 0:01:26] Weighted Error Value: White=0.38/Black=0.12 (very precise)} 0-1

[Event "Hungarian Youth-ch U16 2022"]
[Site "Eger"]
[Date "2022.07.26"]
[Round "4.7"]
[White "Harkai, Emma"]
[Black "Kovacs, Veronika"]
[Result "1/2-1/2"]
[ECO "B12"]
[WhiteElo "1761"]
[BlackElo "1633"]
[Annotator "NA RC COMBH"]
[PlyCount "69"]
[EventDate "2022.07.21"]
[EventType "tourn"]
[EventCountry "HUN"]
[SourceTitle "playchess.com"]
[Source "ChessBase"]
[SourceQuality "1"]
[TimeControl "40/5400+30:1800+30"]

1. e4 c6 2. d4 d5 3. f3 g6 4. Nc3 Qb6 5. exd5 Bg7 6. Nge2 Nd7 7. Rb1 Ngf6 8. dxc6 bxc6 9. Be3 Ba6 10. Ng3 Bxf1 11. Nxf1 Nd5 12. Nxd5 cxd5 13. c3 O-O 14. Qe2 Qa5 15. a3 Rab8 16. Nd2 Qa4 17. O-O Nb6 18. Rfc1 Rfc8 19. Bg5 e6 20. Be7 Bf8 21. b3 Qd7 22. Bxf8 Kxf8 23. a4 Rc7 24. a5 Nc8 25. Qe3 Nd6 26. Qd3 Rbc8 27. c4 Nf5 28. c5 Rb7 29. a6 Rbb8 30. Rc2 Qb5 31. Rc3 Qxd3 32. Rxd3 Rb4 33. Rc3 Nxd4 34. Kf2 Ke7 35. g3 1/2-1/2

[Event "Hungarian Youth-ch U16 2022"]
[Site "Eger"]
[Date "2022.07.27"]
[Round "5.1"]
[White "Kocsmar, Akos"]
[Black "Muranyi, Peter"]
[Result "1-0"]
[ECO "A40"]
[WhiteElo "2061"]
[BlackElo "2018"]
[Annotator "TA"]
[PlyCount "79"]
[EventDate "2022.07.21"]
[EventType "tourn"]
[EventCountry "HUN"]
[SourceTitle "playchess.com"]
[Source "ChessBase"]
[SourceQuality "1"]
[TimeControl "40/5400+30:1800+30"]

1. d4 b6 2. c4 e6 3. Nc3 Bb7 4. e4 Bb4 5. f3 f5 6. e5 {[%emt 0:05:12] A40: Unusual replies to 1 d4.} ({White should play} 6. exf5 $14 exf5 7. a3 Qe7+ 8. Be2 (8. Qe2 Bxc3+ 9. bxc3 Nc6 $11) 8... Qh4+ 9. Kf1 (9. g3 Bxc3+ 10. bxc3 Qe7 $14) 9... Bxc3 10. bxc3) 6... Nc6 {[%emt 0:03:07] [#] Hoping for ...Qh4+.} 7. Be3 {[%emt 0:03:35] [#]} Qe7 $146 ({Predecessor:} 7... Nh6 8. Qd2 Nf7 9. f4 O-O 10. Nf3 Ne7 11. Be2 Nh6 12. a3 Bxc3 13. Qxc3 Ng4 {1-0 (53) Li,B (2319)-Szilagyi,N (2084) Zalakaros 2018}) 8. Qd2 {[%emt 0:01:48] The position is equal.} d6 9. exd6 Qxd6 10. O-O-O O-O-O 11. Nge2 Na5 12. Qd3 Ba6 13. Nb5 Qd7 14. b3 c6 (14... Bxb5 $142 15. cxb5 Nf6) 15. Nbc3 $11 Nf6 16. Qc2 Kb8 17. Nf4 g5 ({Better is} 17... Bxc3 $14 18. Qxc3 e5) 18. Nd3 $16 Ba3+ 19. Kb1 f4 20. Ne5 ({White should try} 20. Bd2 $18) 20... Qc7 $1 $14 21. Bf2 Bd6 (21... c5 $14 22. Nb5 Bxb5 23. cxb5 Bb4) 22. c5 bxc5 23. dxc5 {[%emt 0:03:45] White is more active.} Bxe5 $16 24. Bxa6 Nb7 25. b4 {[%emt 0:03:17] Against Qa5} Nd5 26. Nxd5 exd5 27. Qa4 d4 (27... Rhe8 $16) 28. Rd3 Rd7 29. Rc1 {[%emt 0:00:22] aiming for Rb3.} Rd5 (29... Rhd8 $142 30. Re1 Re7) 30. Ra3 {[%emt 0:00:52] Strongly threatening Bc4.} Nd8 $2 (30... Rhd8 31. Rd1 (31. Bc4 a5 $18) 31... Bg7) 31. b5 $18 cxb5 32. Qxb5+ Ka8 33. Rb3 Rf8 34. Be1 {[%emt 0:00:48][%cal Bf2e1,Be1a5,Ba5d8][%mdl 32] Threatens to win with Ba5.} Rf6 35. Ba5 Qd7 36. Qc4 (36. Bxd8 $142 {Threatening mate with Bb7+.} Qxb5 37. Bxb5 (37. Rxb5 Rxa6 38. Bxg5 Rg6 $11) 37... Rxd8 38. Bd3) 36... d3 $2 (36... Rxa6 $18 37. Qxa6 Nc6) 37. Bxd8 {[%emt 0:00:41] A strong pair of Bishops. White mates.} d2 38. Bb7+ Qxb7 39. Rxb7 dxc1=Q+ 40. Kxc1 {[%emt 0:00:00] Weighted Error Value: White=0.38/Black=0.44} 1-0